[Event "ICC Open 2015"]
[Site "Internet Chess Club"]
[Date "2015.05.30"]
[Round "6"]
[White "tmunagala"]
[Black "Asmodeus"]
[Result "1-0"]
[ICCResult "Black checkmated"]
[WhiteElo "1846"]
[BlackElo "1906"]
[Opening "Trompowsky attack (Ruth, Opocenský opening)"]
[ECO "A45"]
[NIC "QP.07"]
[Time "19:51:01"]
[TimeControl "180+0"]

1. d4 Nf6 2. Bg5 e6 3. c3 d5 4. Nd2 c5 5. e3 Nc6 6. Bd3 Be7 7. f4 b6 8. Qe2
Bb7 9. Ngf3 h6 10. Bh4 O-O 11. O-O Nd7 12. Bxe7 Qxe7 13. Ne5 f6 14. Nef3
Rae8 15. Nh4 e5 16. Ng6 Qe6 17. fxe5 fxe5 18. Nxf8 Nxf8 19. Bf5 Qe7 20. Qg4
exd4 21. Rae1 dxc3 22. bxc3 Ba6 23. Rf4 Ne5 24. Qg3 Nc6 25. e4 d4 26. e5
dxc3 27. Qxc3 Nd4 28. Bd3 Bb7 29. Be4 Ba6 30. Nc4 Bxc4 31. Qxc4+ Qe6 32. Bd5
g5 33. Bxe6+ Nfxe6 34. Rf6 Kg7 35. Ref1 Nf4 36. R6xf4 gxf4 37. Rxf4 Rxe5 38.
Qf7+ Kh8 39. Qf6+ Kg8 40. Qg6+ Kh8 41. Rf8# {Black checkmated} 1-0

[Event "ICC Open 2015"]
[Site "Internet Chess Club"]
[Date "2015.05.30"]
[Round "6"]
[White "nadalthegreat"]
[Black "Massarioli"]
[Result "0-1"]
[ICCResult "White resigns"]
[WhiteElo "1858"]
[BlackElo "2158"]
[Opening "Caro-Kann: classical variation"]
[ECO "B18"]
[NIC "CK.10"]
[Time "19:53:30"]
[TimeControl "180+0"]

1. e4 c6 2. d4 d5 3. Nd2 dxe4 4. Nxe4 Bf5 5. Ng3 Bg6 6. Nf3 Nd7 7. Be3 Ngf6
8. Bc4 e6 9. O-O Bd6 10. Re1 O-O 11. Qd2 Nd5 12. Bxd5 exd5 13. Bg5 Qc7 14.
Ne5 Nxe5 15. dxe5 Bxe5 16. f4 Bd6 17. f5 Bxg3 18. fxg6 Bxh2+ 19. Kh1 fxg6
20. Re7 Rf7 21. Rxc7 Bxc7 22. Re1 Raf8 23. Be7 Rf1+ {White resigns} 0-1

[Event "ICC Open 2015"]
[Site "Internet Chess Club"]
[Date "2015.05.30"]
[Round "6"]
[White "harolika"]
[Black "EGK"]
[Result "0-1"]
[ICCResult "White resigns"]
[WhiteElo "1861"]
[BlackElo "2112"]
[Opening "Queen's bishop game"]
[ECO "D02"]
[NIC "QP.08"]
[Time "19:51:47"]
[TimeControl "180+0"]

1. d4 d5 2. Nf3 Nf6 3. Bf4 Bg4 4. e3 e6 5. Be2 Nbd7 6. O-O Bd6 7. Bg3 O-O 8.
Ne5 Bxe2 9. Qxe2 Ne4 10. Nxd7 Qxd7 11. Bxd6 Qxd6 12. Nd2 f5 13. c3 c5 14.
Nf3 f4 15. Ne5 fxe3 16. fxe3 Rf6 17. Rxf6 gxf6 18. Qf3 fxe5 19. Qg4+ Kh8 20.
Qh4 Rf8 21. Qh6 exd4 22. cxd4 c4 23. h3 Qe7 24. Qh5 Qf6 25. Kh2 Qg5
{White resigns}
0-1

[Event "ICC Open 2015"]
[Site "Internet Chess Club"]
[Date "2015.05.30"]
[Round "6"]
[White "NAS"]
[Black "Caminator"]
[Result "0-1"]
[ICCResult "White resigns"]
[WhiteElo "1720"]
[BlackElo "2136"]
[Opening "French: Winawer, advance, positional main line"]
[ECO "C19"]
[NIC "FR.12"]
[Time "19:51:30"]
[TimeControl "180+0"]

1. e4 e6 2. d4 d5 3. Nc3 Bb4 4. e5 c5 5. a3 Bxc3+ 6. bxc3 Ne7 7. Nf3 Qc7 8.
Bd3 Nbc6 9. O-O Bd7 10. a4 O-O-O 11. Ba3 c4 12. a5 Be8 13. Bd6 Rxd6 14. exd6
Qxd6 15. Be2 f6 16. Qb1 g5 17. Qb2 h5 18. Rfb1 Qc7 19. Nd2 g4 20. Ra4 Nxd4
21. Rb4 Nxe2+ 22. Kf1 Bc6 23. Kxe2 Ng6 24. g3 h4 25. Qa3 hxg3 26. hxg3 Ne5
27. R4b2 Nf3 28. Nxf3 gxf3+ 29. Kxf3 d4+ 30. Ke2 Qe5+ 31. Kd2 dxc3+ 32. Qxc3
Rd8+ {White resigns} 0-1

[Event "ICC Open 2015"]
[Site "Internet Chess Club"]
[Date "2015.05.30"]
[Round "6"]
[White "Kyekerz"]
[Black "alico"]
[Result "0-1"]
[ICCResult "White checkmated"]
[WhiteElo "1259"]
[BlackElo "1336"]
[Opening "Sicilian: Najdorf, Lipnitzky attack"]
[ECO "B90"]
[NIC "SI.13"]
[Time "19:52:05"]
[TimeControl "180+0"]

1. e4 c5 2. Nf3 d6 3. d4 cxd4 4. Nxd4 Nf6 5. Nc3 a6 6. Bc4 e5 7. Nf3 Qc7 8.
Bb3 Nc6 9. Nd5 Nxd5 10. Qxd5 Nb4 11. Qd2 Be6 12. Bxe6 Nxc2+ 13. Kd1 Nxa1 14.
Bd5 Rc8 15. Ke2 Nc2 16. b3 Be7 17. Bb2 Nd4+ 18. Nxd4 exd4 19. Rc1 Qd7 20.
Qxd4 Bf6 21. Rxc8+ Qxc8 22. Qd2 Qg4+ 23. Kf1 Bxb2 24. Qxb2 Qd1#
{White checkmated}
0-1

[Event "ICC Open 2015"]
[Site "Internet Chess Club"]
[Date "2015.05.30"]
[Round "6"]
[White "RaiseTheCurve"]
[Black "ElMarginal"]
[Result "1-0"]
[ICCResult "Black resigns"]
[WhiteElo "1912"]
[BlackElo "1478"]
[Opening "Réti opening"]
[ECO "A04"]
[NIC "QP.11"]
[Time "19:52:12"]
[TimeControl "180+0"]

1. Nf3 Nc6 2. Nc3 d5 3. e4 d4 4. Ne2 e5 5. d3 Bd6 6. g3 Bg4 7. Bg2 Qc8 8. h3
Bh5 9. g4 Bg6 10. Nh4 Nf6 11. Nxg6 fxg6 12. Ng3 O-O 13. Bd2 Bb4 14. Qe2
Bxd2+ 15. Qxd2 Qd8 16. O-O-O Qd6 17. Kb1 Qb4 18. Qc1 a5 19. a3 Qb5 20. g5
Nd7 21. h4 Qc5 22. Qd2 b5 23. h5 b4 24. hxg6 hxg6 25. a4 Nb6 26. b3 Nxa4 27.
bxa4 b3 28. cxb3 Rfb8 29. Qc2 Qa3 30. Qc4+ Kf8 31. Rh8+ Ke7 32. Rxb8 Rxb8
33. Kc2 Nb4+ 34. Kd2 Qa2+ 35. Ke1 Nc2+ 36. Kf1 Rxb3 37. Bh3 Rc3 38. Qxa2
{Black resigns}
1-0

[Event "ICC Open 2015"]
[Site "Internet Chess Club"]
[Date "2015.05.30"]
[Round "6"]
[White "Aladdin"]
[Black "chesstempo2"]
[Result "0-1"]
[ICCResult "White checkmated"]
[WhiteElo "2355"]
[BlackElo "2081"]
[Opening "French defense"]
[ECO "C01"]
[NIC "FR.01"]
[Time "19:51:02"]
[TimeControl "180+0"]

1. e4 e6 2. d4 b6 3. Nd2 Bb7 4. Bd3 d6 5. Ngf3 g6 6. O-O Bg7 7. Re1 Ne7 8.
c3 Nd7 9. Nf1 h6 10. Ng3 g5 11. h3 Ng6 12. Qc2 e5 13. Nf5 O-O 14. d5 Nc5 15.
b4 Nxd3 16. Qxd3 Nf4 17. Bxf4 gxf4 18. N3h4 Bf6 19. g3 Bxh4 20. Nxh4 Qg5 21.
Kh2 Kh7 22. Nf5 Bc8 23. g4 Rg8 24. Rg1 Bxf5 25. gxf5 Qh4 26. Qf3 f6 27. c4
a5 28. a3 Rxg1 29. Rxg1 axb4 30. axb4 Ra2 31. Rg2 Rb2 32. c5 bxc5 33. bxc5
dxc5 34. Kg1 Rb1+ 35. Kh2 Rb2 36. Kg1 Rb1+ 37. Kh2 c4 38. Qc3 Rb3 39. Qxb3
cxb3 40. f3 Qe1 41. Rg6 Qf2+ 42. Rg2 Qxg2+ 43. Kxg2 b2 44. d6 b1=Q 45. d7
Qd3 46. h4 Qxd7 47. Kh3 Qd1 48. Kg4 Qg1+ 49. Kh5 Qd1 50. Kg4 Qxf3+ 51. Kxf3
Kg7 52. Kg4 Kh7 53. Kf3 h5 54. Ke2 Kg7 55. Kd3 Kf7 56. Kc4 Ke7 57. Kc3 Kd6
58. Kc4 c5 59. Kd3 Kc6 60. Kc4 Kb6 61. Kd5 f3 62. Ke6 f2 63. Kxf6 f1=Q 64.
Kg5 Qf4+ 65. Kf6 Qxh4+ 66. Ke6 Qxe4 67. f6 Qf4 68. f7 e4 69. Kd7 Qxf7+ 70.
Kd6 e3 71. Ke5 e2 72. Kd6 Qc7+ 73. Ke6 e1=Q+ 74. Kd5 Qd7+ 75. Kc4 Qc1+ 76.
Kb3 Qd3+ 77. Ka4 Qca3# {White checkmated} 0-1

[Event "ICC Open 2015"]
[Site "Internet Chess Club"]
[Date "2015.05.30"]
[Round "6"]
[White "PeritoGeral"]
[Black "FedoseevVl95"]
[Result "1-0"]
[ICCResult "Black resigns"]
[WhiteElo "2080"]
[BlackElo "2952"]
[Opening "Scotch gambit: Benima defense"]
[ECO "C44"]
[NIC "SO.06"]
[Time "19:51:09"]
[TimeControl "180+0"]

1. e4 e5 2. Nf3 Nc6 3. d4 exd4 4. Bc4 Be7 5. c3 Nf6 6. e5 Ng4 7. cxd4 d5 8.
Bb3 h5 9. Nc3 Be6 10. Ba4 a6 11. O-O b5 12. Bb3 Na5 13. Bc2 Nh6 14. Ne2 g5
15. h4 gxh4 16. Bxh6 Rxh6 17. Qd2 Rh8 18. Qxa5 h3 19. g3 h4 20. Kh2 Qd7 21.
Nxh4 Bxh4 22. gxh4 Rxh4 23. Rg1 f6 24. Bg6+ Kd8 25. Rac1 fxe5 26. dxe5 Kc8
27. Be8 Qe7 28. f4 Bg4 29. Bxb5 Ra7 30. Rc3 Bxe2 31. Bxe2 Rxf4 32. Qxd5 Rf2+
33. Kh1 Rg2 34. Bg4+ {Black resigns} 1-0

[Event "ICC Open 2015"]
[Site "Internet Chess Club"]
[Date "2015.05.30"]
[Round "6"]
[White "leonardoalmeida"]
[Black "Sjelan"]
[Result "1-0"]
[ICCResult "Black resigns"]
[WhiteElo "1899"]
[BlackElo "2120"]
[Opening "English: Sicilian reversed"]
[ECO "A25"]
[NIC "EO.20"]
[Time "19:52:06"]
[TimeControl "180+0"]

1. c4 e5 2. Nc3 Nc6 3. g3 Nf6 4. Bg2 Bc5 5. e3 d6 6. h3 O-O 7. Nge2 Re8 8.
O-O Bf5 9. a3 Bd3 10. b3 Nd4 11. exd4 exd4 12. Re1 dxc3 13. dxc3 Be4 14. b4
Bxg2 15. Kxg2 Bb6 16. a4 a5 17. Bg5 Bxf2 18. Bxf6 Qxf6 19. Rf1 Qe6 20. Rxf2
Qxc4 21. Qd4 Qc6+ 22. Kh2 Re4 23. Qd3 Rae8 24. Nd4 Qd5 25. Qf3 axb4 26. Nb5
Qc6 27. Qxf7+ Kh8 28. Qf8+ {Black resigns} 1-0

[Event "ICC Open 2015"]
[Site "Internet Chess Club"]
[Date "2015.05.30"]
[Round "6"]
[White "AntiKiller"]
[Black "PedroRomero2"]
[Result "1-0"]
[ICCResult "Black forfeits on time"]
[WhiteElo "2789"]
[BlackElo "2308"]
[Opening "Queen's pawn: London system"]
[ECO "A45"]
[NIC "QP.07"]
[Time "19:51:10"]
[TimeControl "180+0"]

1. d4 Nf6 2. Bf4 d5 3. e3 c5 4. c3 Nc6 5. Qb3 e6 6. Nd2 Bd6 7. Bg3 O-O 8.
Ngf3 b6 9. Bb5 Bb7 10. Qa4 Rc8 11. Bh4 a6 12. Be2 Be7 13. O-O c4 14. Qd1 b5
15. a3 a5 16. Bg3 Nh5 17. Ne1 Nxg3 18. hxg3 b4 19. axb4 axb4 20. Bf3 Ra8 21.
e4 bxc3 22. bxc3 Na5 23. Rb1 dxe4 24. Nxe4 Nb3 25. Nc2 Qc7 26. Ne3 Bd5 27.
Nxd5 exd5 28. Nd2 Nxd2 29. Qxd2 Ra5 30. Ra1 Rfa8 31. Rxa5 Rxa5 32. Qb2 g6
33. Rb1 Qa7 34. g4 Bf6 35. g3 Ra2 36. Qb8+ Qxb8 37. Rxb8+ Kg7 38. Bxd5 Rc2
39. Rb7 g5 40. Rxf7+ Kg6 41. Rc7 Rxc3 42. Rxc4 Rxc4 43. Bxc4 Bxd4 44. Kg2 h6
45. Bb5 Kf6 46. Be8 Be5 47. Bh5 Bd4 48. Kf3 Be5 49. Ke2 Bb8 50. Be8 Ba7 51.
Bc6 Bb6 52. Bb5 Ba7 53. Bc4 Bb6 54. Bd3 Ba7 55. Bc2 Bb6 56. Bd1 Ba7 57. Bc2
Bb6 58. Bb1 Ba7 59. Ba2 Bb6 60. Bb3 Ba7 61. Bc4 Bb6 62. Ke1 Ba7 63. Bb5 Bb6
64. Ba6 Ba7 65. Bb7 Bb6 66. Bc6 Ba7 67. Bd7 Bb6 68. Kf1 Ba7 69. Kg2 Bb6 70.
f3 Ba7 71. Bc6 Bb6 72. Bd5 Ba7 73. Be4 Bb6 74. Bd3 Ba7 75. Be2 Bb6 76. Bd1
Ba7 77. Bc2 Bb6 78. Bb3 Ba7 79. Ba4 Bb6 80. Bb5 Ba7 81. Bc6 Bb6 82. Bd5 Ba7
83. Be4 Bb6 84. Kf1 Ba7 85. Ke2 Bb6 86. Kd3 Bc7 87. Kc4 Bxg3 88. Kb5 Bf4 89.
Kc6 Ke5 90. Kd7 Kf6 91. Ke8 Be3 92. Kf8 Bf4 93. Kg8 Be3 94. Kh7 Bf4 95. Kxh6
Be3 96. Kh7 Bf4 97. Kg8 Be3 98. Kf8 Bf4 99. Ke8 Be3 100. Kd7 Bf4 101. Kd8
Be3 102. Kd7 Bf4 103. Kc8 Be3 104. Kb7 Bf4 105. Kc6 Be3 106. Kd5 Bf4 107.
Kc4 Bg3 108. Kb3 Bf4 109. Kc2 Bg3 110. Bf5 Bf4 111. Kd3 Bg3 112. Ke2 Bf4
113. Kf1 Bg3 114. Kg2 Bf4 115. Kh3 Be5 116. f4 Bxf4 117. Kg2 Be5 118. Kf3
Bf4 119. Ke4 Be5 120. Kd3 Bf4 121. Kc4 Ke5 122. Kb5 Be3 123. Kc6 Bf4 124.
Kc7 Be3 125. Kc8 Bf4 126. Kb8 Be3 127. Kb7 Bf4 128. Kb6 Be3+ 129. Kb5 Bf4
130. Kb4 {Black forfeits on time} 1-0

[Event "ICC Open 2015"]
[Site "Internet Chess Club"]
[Date "2015.05.30"]
[Round "6"]
[White "Dlugy"]
[Black "Cristhian-ator"]
[Result "1-0"]
[ICCResult "Black resigns"]
[WhiteElo "2988"]
[BlackElo "2543"]
[Opening "Bogo-Indian defense"]
[ECO "E11"]
[NIC "QI.01"]
[Time "19:52:09"]
[TimeControl "180+0"]

1. d4 Nf6 2. c4 e6 3. Nf3 Bb4+ 4. Bd2 c5 5. Bxb4 cxb4 6. g3 O-O 7. Bg2 d6 8.
O-O Nc6 9. d5 exd5 10. cxd5 Ne7 11. Ne1 Qa5 12. e4 b6 13. Nd3 Ba6 14. Re1
Rac8 15. Bf1 Rfe8 16. Nd2 Ng6 17. a4 Bxd3 18. Bxd3 Qc5 19. Nb3 Qc7 20. Ba6
Rcd8 21. f3 Nd7 22. Bb5 Re7 23. Nd4 Nb8 24. Rc1 Qb7 25. Nf5 Rc7 26. Qd4 Ne5
27. Kg2 f6 28. f4 Nf7 29. Qxb4 a6 30. Bd3 Rdc8 31. Qd2 Kf8 32. Nd4 Rxc1 33.
Rxc1 Kg8 34. Rc3 g6 35. Qc2 Rc5 36. b4 Rxc3 37. Qxc3 Qd7 38. Ne6 Nd8 39.
Qxf6 Nxe6 40. dxe6 Qe8 41. Bc4 b5 42. Bd5 {Black resigns} 1-0

[Event "ICC Open 2015"]
[Site "Internet Chess Club"]
[Date "2015.05.30"]
[Round "6"]
[White "Borknagar"]
[Black "Philidor"]
[Result "0-1"]
[ICCResult "White forfeits on time"]
[WhiteElo "1934"]
[BlackElo "2218"]
[Opening "Bogo-Indian defense, Nimzovich variation"]
[ECO "E11"]
[NIC "QI.01"]
[Time "19:51:16"]
[TimeControl "180+0"]

1. d4 Nf6 2. Nf3 e6 3. c4 Bb4+ 4. Bd2 Qe7 5. a3 Bxd2+ 6. Nbxd2 d6 7. g3 O-O
8. Bg2 e5 9. e3 c6 10. O-O Bg4 11. h3 Bh5 12. g4 Bg6 13. Nh4 Nbd7 14. Nxg6
hxg6 15. Qf3 Rfe8 16. b4 e4 17. Qe2 d5 18. cxd5 cxd5 19. Rfc1 Rac8 20. Nb3
Nb6 21. Nc5 Nc4 22. a4 b6 23. Na6 Nh7 24. b5 Rf8 25. Rab1 f5 26. Nb4 Qf7 27.
Nc6 fxg4 28. hxg4 Ng5 29. Rf1 Nf3+ 30. Bxf3 exf3 31. Qd3 Qe6 32. Kh1 Rxc6
33. bxc6 Qxg4 {White forfeits on time} 0-1

[Event "ICC Open 2015"]
[Site "Internet Chess Club"]
[Date "2015.05.30"]
[Round "6"]
[White "JOHEL"]
[Black "pranav-nsk"]
[Result "1-0"]
[ICCResult "Black resigns"]
[WhiteElo "1684"]
[BlackElo "1361"]
[Opening "Sicilian defense"]
[ECO "B44"]
[NIC "SI.39"]
[Time "19:51:52"]
[TimeControl "180+0"]

1. e4 c5 2. Nf3 Nc6 3. d4 cxd4 4. Nxd4 e6 5. c4 Bc5 6. Be3 Qb6 7. Nxc6 Bxe3
8. fxe3 Qxe3+ 9. Qe2 Qxe2+ 10. Bxe2 bxc6 11. O-O Nf6 12. Nc3 O-O 13. e5 Ne8
14. Ne4 Nc7 15. b3 Ba6 16. Nc5 Rfd8 17. Rad1 Bc8 18. Ne4 Ne8 19. Bh5 g6 20.
Bf3 Bb7 21. Nc5 Rab8 22. Rd2 Nc7 23. Ne4 Ne8 24. Bd1 d5 25. exd6 Rd7 26. c5
Kg7 27. Rdf2 Rbd8 28. Ng5 h6 29. Rxf7+ Rxf7 30. Nxe6+ Kg8 31. Nxd8 Rxf1+ 32.
Kxf1 Ba6+ 33. Kf2 Bb5 34. Bc2 Kg7 35. Ne6+ Kf7 36. d7 {Black resigns} 1-0

[Event "ICC Open 2015"]
[Site "Internet Chess Club"]
[Date "2015.05.30"]
[Round "6"]
[White "rookfish"]
[Black "mvillalba"]
[Result "0-1"]
[ICCResult "White forfeits on time"]
[WhiteElo "1173"]
[BlackElo "2220"]
[Opening "Scotch game"]
[ECO "C45"]
[NIC "SO.05"]
[Time "19:51:30"]
[TimeControl "180+0"]

1. e4 e5 2. Nf3 Nc6 3. d4 exd4 4. Nxd4 Bc5 5. Nxc6 bxc6 6. Bd3 Ne7 7. O-O
O-O 8. Nc3 d6 9. Be3 Bxe3 10. fxe3 Ng6 11. e5 Nxe5 12. Bxh7+ Kxh7 13. Qh5+
Kg8 14. Ne4 f6 15. Rf4 Qe8 16. Qh4 Ng6 17. Nxf6+ Rxf6 18. Qxf6 gxf6 19. Rxf6
Kg7 20. Raf1 Be6 21. h3 Qe7 22. R6f3 Rb8 23. b3 Rb5 24. c4 Rg5 25. Kh1 d5
26. g4 dxc4 27. bxc4 Bxc4 28. R1f2 Bd5 29. e4 Qxe4 {White forfeits on time}
0-1

[Event "ICC Open 2015"]
[Site "Internet Chess Club"]
[Date "2015.05.30"]
[Round "6"]
[White "guchess"]
[Black "hejajw"]
[Result "0-1"]
[ICCResult "White checkmated"]
[WhiteElo "2298"]
[BlackElo "2628"]
[Opening "Sicilian defense"]
[ECO "B30"]
[NIC "SI.31"]
[Time "19:51:08"]
[TimeControl "180+0"]

1. e4 c5 2. Nf3 Nc6 3. c3 d5 4. exd5 Qxd5 5. d4 e6 6. Be3 cxd4 7. Nxd4 Nf6
8. Nb5 Qxd1+ 9. Kxd1 Nd5 10. Bc1 a6 11. N5a3 Bxa3 12. bxa3 O-O 13. Bd3 Rd8
14. Kc2 b5 15. Nd2 Bb7 16. Nb3 Rac8 17. Be2 Nxc3 18. Kxc3 Nd4+ 19. Nc5 Nxe2+
20. Kb4 Rd4+ 21. Ka5 Rxc5 22. Be3 b4+ 23. Kb6 Rb5+ 24. Ka7 Rd7 25. Rhd1 Bd5+
26. Kxa6 Nc3 27. axb4 Rd6+ 28. Ka7 Rd8 29. Rxd5 exd5 30. Bc5 Na4 31. Ka6
Rdb8 32. Re1 Nxc5+ 33. bxc5 Rb2 34. a4 Ra8# {White checkmated} 0-1

[Event "ICC Open 2015"]
[Site "Internet Chess Club"]
[Date "2015.05.30"]
[Round "6"]
[White "FytinFrank"]
[Black "unkavalo"]
[Result "0-1"]
[ICCResult "White checkmated"]
[WhiteElo "2049"]
[BlackElo "2543"]
[Opening "Caro-Kann: two knights variation"]
[ECO "B11"]
[NIC "CK.01"]
[Time "19:51:58"]
[TimeControl "180+0"]

1. e4 c6 2. Nc3 d5 3. Nf3 dxe4 4. Nxe4 Nf6 5. Qe2 Bf5 6. d3 e6 7. Nxf6+ gxf6
8. h3 Na6 9. g4 Bg6 10. c3 Nc5 11. Nd4 Nxd3+ 12. Kd1 e5 13. f4 Be7 14. f5
Nxc1 15. Kxc1 exd4 16. fxg6 hxg6 17. c4 Kf8 18. Bg2 a5 19. Rf1 a4 20. Kc2
Qa5 21. Rae1 Qc5 22. Rf4 Rd8 23. Qd3 Kg7 24. Rfe4 Bd6 25. Rxd4 Bc7 26. Rd1
Qe5 27. Rd2 a3 28. bxa3 Ba5 29. Rd1 Bb6 30. Rxd8 Rxd8 31. Qf3 Ra8 32. Rd7
Bc5 33. Rxb7 Rxa3 34. Rb3 Rxa2+ 35. Kb1 Qa1# {White checkmated} 0-1

[Event "ICC Open 2015"]
[Site "Internet Chess Club"]
[Date "2015.05.30"]
[Round "6"]
[White "LittlePeasant"]
[Black "LastKeks"]
[Result "1-0"]
[ICCResult "Black forfeits on time"]
[WhiteElo "2790"]
[BlackElo "3070"]
[Opening "King's Indian: fianchetto, classical variation, 8.e4"]
[ECO "E68"]
[NIC "KI.64"]
[Time "19:51:07"]
[TimeControl "180+0"]

1. Nf3 Nf6 2. c4 g6 3. g3 Bg7 4. Bg2 O-O 5. O-O d6 6. Nc3 e5 7. d4 Nbd7 8.
e4 a6 9. h3 b5 10. cxb5 axb5 11. dxe5 dxe5 12. Be3 Bb7 13. Nd2 b4 14. Na4
Ba6 15. Re1 Bb5 16. Nc5 Qe7 17. Qc2 Rfd8 18. Nxd7 Nxd7 19. Nb3 c6 20. Bf1
Bxf1 21. Kxf1 Qe6 22. Kg2 Bf8 23. Rec1 Rdc8 24. Qc4 Qxc4 25. Rxc4 Ra6 26.
Rd1 Rc7 27. Nc1 Kg7 28. Rc2 c5 29. b3 Rca7 30. f3 h5 31. h4 Be7 32. Rdd2 Kf8
33. Nd3 Ra5 34. Kf2 Ke8 35. Ke2 f6 36. Kd1 Bf8 37. Kc1 Be7 38. Kb1 Bf8 39.
Rc1 Be7 40. Rdc2 Bd6 41. Rd1 Be7 42. Nc1 Bf8 43. Rd5 Be7 44. Nd3 Nb6 45.
Nxb4 Nxd5 46. Nxd5 Kf7 47. Bd2 Rb5 48. Nc3 Rb8 49. Nd5 Ra6 50. Be3 Rc6 51.
Rc4 {Black forfeits on time} 1-0

[Event "ICC Open 2015"]
[Site "Internet Chess Club"]
[Date "2015.05.30"]
[Round "6"]
[White "HaraldEskilstu"]
[Black "LordProtector"]
[Result "0-1"]
[ICCResult "White resigns"]
[WhiteElo "2066"]
[BlackElo "3005"]
[Opening "English: symmetrical, Botvinnik system"]
[ECO "B20"]
[NIC "EO.30"]
[Time "19:51:41"]
[TimeControl "180+0"]

1. e4 c5 2. c4 Nc6 3. Nc3 g6 4. g3 Bg7 5. Bg2 d6 6. d3 Nf6 7. h3 O-O 8. Nge2
Ne8 9. Be3 Nc7 10. d4 cxd4 11. Nxd4 Ne6 12. Nde2 Nc5 13. O-O Rb8 14. b3 Bd7
15. Rc1 a6 16. a4 Nb4 17. Bxc5 dxc5 18. f4 Bc6 19. Nd5 e6 20. Nxb4 cxb4 21.
e5 Qb6+ 22. Kh1 Rfd8 23. Qc2 Qe3 24. Rcd1 Bf8 25. Rxd8 Rxd8 26. Rd1 Qf2 27.
Bxc6 Rxd1+ 28. Qxd1 bxc6 29. Qd3 h5 30. h4 Kg7 31. Qe4 Bc5 32. Qg2 Qe3 33.
Kh2 Qxb3 34. Qxc6 Qxc4 35. Kh3 b3 36. g4 hxg4+ 37. Kxg4 Qxe2+ {White
resigns} 0-1

[Event "ICC Open 2015"]
[Site "Internet Chess Club"]
[Date "2015.05.30"]
[Round "6"]
[White "Machinegun"]
[Black "zelog"]
[Result "1-0"]
[ICCResult "Black forfeits on time"]
[WhiteElo "2448"]
[BlackElo "2069"]
[Opening "French: Winawer, Alekhine (Maróczy) gambit"]
[ECO "C15"]
[NIC "FR.08"]
[Time "19:51:12"]
[TimeControl "180+0"]

1. e4 e6 2. d4 d5 3. Nc3 Bb4 4. Ne2 dxe4 5. a3 Be7 6. Nxe4 Nf6 7. Nxf6+ Bxf6
8. c3 O-O 9. Be3 b6 10. Ng3 Bb7 11. Nh5 Nd7 12. Qg4 g6 13. Bb5 c6 14. Bd3
Bh8 15. Rd1 Nf6 16. Nxf6+ Bxf6 17. O-O Bg7 18. Bg5 Qd5 19. Be4 Qb3 20. Qe2
Rac8 21. Rd2 a5 22. h4 Ra8 23. Re1 Ba6 24. Qf3 Bb7 25. Bxc6 Bxc6 26. Qxc6
Rac8 27. Qf3 b5 28. h5 b4 29. axb4 axb4 30. h6 Bh8 31. Bf6 bxc3 32. Rd3 Qd5
33. Qf4 Qf5 34. Qxf5 exf5 35. Bxh8 Kxh8 36. bxc3 Rfd8 37. d5 Rc4 38. d6 Kg8
39. d7 Kf8 40. Rde3 Re4 41. Rxe4 fxe4 42. Rxe4 Rxd7 43. g4 Rc7 44. c4 f6 45.
f3 Kf7 46. Kf2 f5 47. gxf5 gxf5 48. Rh4 Kg6 49. Ke3 Rc5 50. Kd4 Ra5 51. f4
Ra1 52. c5 Rd1+ 53. Ke5 Rc1 54. Kd6 Rd1+ 55. Kc7 Kf6 56. c6 Rc1 57. Kb7
{Black forfeits on time}
1-0

[Event "ICC Open 2015"]
[Site "Internet Chess Club"]
[Date "2015.05.30"]
[Round "6"]
[White "chessdjw"]
[Black "ayyadov"]
[Result "1-0"]
[ICCResult "Black forfeits on time"]
[WhiteElo "2332"]
[BlackElo "2084"]
[Opening "Réti: King's Indian attack (Barcza system)"]
[ECO "A07"]
[NIC "QP.09"]
[Time "19:51:16"]
[TimeControl "180+0"]

1. Nf3 d5 2. g3 e6 3. Bg2 Nf6 4. O-O c6 5. c4 Nbd7 6. d4 Bd6 7. Nbd2 O-O 8.
Qc2 Re8 9. e4 Nxe4 10. Nxe4 dxe4 11. Qxe4 e5 12. Rd1 Nf6 13. Qc2 e4 14. Ne5
Qe7 15. Bf4 h6 16. c5 Bc7 17. Re1 Bf5 18. Qd2 Rad8 19. Nc4 Bxf4 20. Qxf4 Qe6
21. Nd6 Rxd6 22. Qxd6 Qxd6 23. cxd6 Rd8 24. f3 exf3 25. Bxf3 Rxd6 26. Rad1
h5 27. Re7 Bc8 28. Rc7 Rd8 29. Re1 Ne8 30. Rce7 Kf8 31. Bxh5 g6 32. Bf3 Nf6
33. Rc7 Ne8 34. Rce7 Nf6 35. g4 g5 36. h4 Nh7 37. Rc7 gxh4 38. Ree7 Ng5 39.
Kf2 Be6 40. Rxb7 Rxd4 41. Ke3 Rd6 42. Rxa7 h3 43. Rec7 h2 44. Bg2 Bd5 45.
Kf2 Bxg2 46. Kxg2 Rd2+ 47. Kh1 Nf3 48. Rxf7+ Ke8 49. Rxf3
{Black forfeits on time}
1-0

[Event "ICC Open 2015"]
[Site "Internet Chess Club"]
[Date "2015.05.30"]
[Round "6"]
[White "JRussell2"]
[Black "nikenwidiartto"]
[Result "0-1"]
[ICCResult "White forfeits on time"]
[WhiteElo "1229"]
[BlackElo "1835"]
[Opening "Scandinavian defense"]
[ECO "B01"]
[NIC "SD.03"]
[Time "19:52:12"]
[TimeControl "180+0"]

1. e4 d5 2. exd5 Nf6 3. Nc3 Nxd5 4. Nf3 Bg4 5. Be2 e6 6. d4 Be7 7. Nxd5 exd5
8. Be3 O-O 9. O-O Nd7 10. Ne5 Bxe2 11. Qxe2 Nxe5 12. dxe5 Re8 13. Bd4 c5 14.
Be3 d4 15. Rad1 Qc7 16. Bf4 Bf8 17. Rfe1 g6 18. Qg4 Qc8 19. Qg5 Bg7 20. Re2
Qc6 21. Rde1 Qd5 22. b3 Re6 23. Qg4 a5 24. Qh3 a4 25. Qg3 axb3 26. cxb3 Rae8
27. Bg5 Bxe5 28. Rxe5 Rxe5 29. Rxe5 Qxe5 30. h3 Qxg3 31. fxg3 Re2 32. Kf1
Rxa2 33. Ke1 Rb2 {White forfeits on time} 0-1

[Event "ICC Open 2015"]
[Site "Internet Chess Club"]
[Date "2015.05.30"]
[Round "6"]
[White "Dark-Magician"]
[Black "RafaNadal"]
[Result "0-1"]
[ICCResult "White resigns"]
[WhiteElo "2349"]
[BlackElo "2829"]
[Opening "QGD Slav: 3.Nf3"]
[ECO "D11"]
[NIC "QP.08"]
[Time "19:52:08"]
[TimeControl "180+0"]

1. d4 d5 2. Nf3 c6 3. c4 e6 4. Nc3 Nd7 5. e3 f5 6. g3 Ngf6 7. c5 Be7 8. Bg2
O-O 9. Bd2 Ne4 10. O-O Bf6 11. Be1 e5 12. b4 a6 13. Qb3 Nxc3 14. Bxc3 e4 15.
Ne5 Bxe5 16. dxe5 Qe7 17. Qb2 Re8 18. e6 Nf8 19. Bh3 Bxe6 20. a4 Ng6 21.
Rfc1 f4 22. Bxe6+ Qxe6 23. Bxg7 fxe3 24. fxe3 Qg4 25. Bf6 Rf8 26. Rf1 h5 27.
Kh1 Rf7 28. Be5 Raf8 29. Bf4 h4 30. gxh4 Kh7 31. Rg1 Qf3+ 32. Qg2 Nxf4 33.
Qxf3 exf3 34. exf4 Rxf4 35. Raf1 Rxb4 36. Rg3 Rxa4 37. Rgxf3 Rxf3 38. Rxf3
Rb4 39. Kg2 a5 40. Kg3 a4 41. Rf7+ Kg6 42. Rf8 d4 43. Rd8 a3 44. Ra8 Rb3+
45. Kg4 d3 46. Rd8 a2 47. h5+ Kf7 48. Ra8 d2 49. h6 d1=Q+ {White resigns}
0-1

[Event "ICC Open 2015"]
[Site "Internet Chess Club"]
[Date "2015.05.30"]
[Round "6"]
[White "QuintilianoR"]
[Black "MoonlightWizard"]
[Result "0-1"]
[ICCResult "White resigns"]
[WhiteElo "2568"]
[BlackElo "2914"]
[Opening "Queen's Indian: old main line, 6.O-O"]
[ECO "E17"]
[NIC "QI.08"]
[Time "19:52:08"]
[TimeControl "180+0"]

1. d4 Nf6 2. c4 e6 3. Nf3 b6 4. g3 Bb7 5. Bg2 Be7 6. O-O O-O 7. d5 exd5 8.
Nh4 c6 9. cxd5 Nxd5 10. Nf5 Nc7 11. Nc3 d5 12. e4 Nba6 13. Re1 Re8 14. Qg4
g6 15. exd5 Nxd5 16. Nxd5 cxd5 17. Nxe7+ Rxe7 18. Bg5 Qd7 19. Qd4 Re6 20.
Bh6 f6 21. Rxe6 Qxe6 22. Bf1 Nc5 23. b4 Nd7 24. Rc1 Rc8 25. Rxc8+ Bxc8 26.
h4 Ne5 27. Kg2 Bb7 28. Qc3 d4+ {White resigns} 0-1